 Dungeon Crawl Stone Soup version 0.17-a0-977-g4154171 (webtiles) character file.

886 saltylemon the Poker (level 7, -3/59 HPs)
             Began as a Minotaur Gladiator on May 10, 2015.
             Was an Initiate of Makhleb.
             Slain by an unseen horror (8 damage)
             ... on level 10 of the Dungeon.
             The game lasted 00:11:08 (2939 turns).

saltylemon the Poker (Minotaur Gladiator)           Turns: 2939, Time: 00:11:09

Health: -3/59      AC:  3    Str: 21      XL:     7   Next: 77%
Magic:  6/6        EV: 12    Int:  5      God:    Makhleb [......]
Gold:   111        SH:  3    Dex: 10 (11) Spells: 0 memorised, 6 levels left

rFire  . . .     SeeInvis .     a - +0 trident
rCold  . . .     Clarity  .     h - +0 ring mail
rNeg   . . .     SustAb   .     g - +0 buckler
rPois  .         Gourm    .     c - +0 hat
rElec  .         Spirit   .     (no cloak)
rCorr  .         Warding  .     (no gloves)
rMut   .         Stasis   .     (no boots)
MR     +....                    (no amulet)
Stlth  +.........               r - ring of wizardry
                                o - ring of flight

@: somewhat resistant to hostile enchantments, very unstealthy
A: retaliatory headbutt, claws 1, horns 2, deformed body, magic resistance 1,
MP-powered wands
a: Renounce Religion, Evoke Flight


You were on level 10 of the Dungeon.
You worshipped Makhleb.
Makhleb was noncommittal.
You were near starving.

You visited 1 branch of the dungeon, and saw 10 of its levels.

You collected 111 gold pieces.

Inventory:

Hand weapons
 a - a +0 trident (weapon)
 k - a +0 falchion
 m - a +0 shortbow
 v - a +0 rapier
Missiles
 d - a throwing net (quivered)
 n - 92 arrows
Armour
 b - a +0 leather armour
 c - a +0 hat (worn)
 g - a +0 buckler (worn)
 h - a +0 ring mail (worn)
Jewellery
 o - a ring of flight (left claw)
 r - a ring of wizardry (right claw)
Scrolls
 j - a scroll of identify
 l - a scroll of noise {unknown}
 s - a scroll of teleportation {unknown}
Potions
 f - a potion of mutation
 i - a potion of degeneration {unknown}
Books
 u - a book of Party Tricks

   Spells                             Type                      Level
   a - Summon Butterflies             Summoning                    1
   b - Apportation                    Translocation                1
   c - Tukima's Dance                 Hexes                        3
   d - Alistair's Intoxication        Transmutation/Poison         4
   e - Invisibility                   Hexes                        6
Comestibles
 e - 2 bread rations
 t - 3 fruits


   Skills:
 + Level 4.3 Fighting
 + Level 6.6 Polearms
 + Level 3.0 Throwing
 + Level 3.6 Armour
 + Level 6.3 Dodging
 + Level 1.6 Stealth
 + Level 1.2 Shields


You had 6 spell levels left.
You didn't know any spells.

Dungeon Overview and Level Annotations

Branches:
Dungeon (10/15)
 Temple: D:4-7         Lair: D:8-11         Orc: D:9-12

Altars:
Makhleb
Trog


Innate Abilities, Weirdness & Mutations

You reflexively headbutt those who attack you in melee.
You have a pair of horns on your head.
You have sharp fingernails.
Armour fits poorly on your strangely shaped body.
You are resistant to hostile enchantments.
You expend magic power (3 MP) to strengthen your wands.


Message History

There is a stone staircase leading up here.
Found 16 stones.
You see here 16 stones.
You see here 16 stones.
There is a stone staircase leading up here.
You block its attack.
Deactivating autopickup; reactivate with Ctrl-A.
Found a ring mail and a viscous yellow potion.
Something hits you. Something hits you! Something hits you. Something hits you!
Something hits you!
You closely miss something. Your headbutt misses something. Something hits you!
* * * LOW HITPOINT WARNING * * *
Something hits you!
* * * LOW HITPOINT WARNING * * *
Something hits you but does no damage. You block its attack.
Something hits you!
You die...

#..# .............#
#..# .............#
#..# .....!.[.....#
#..# .............#
#..########
.............#
#..........
.............#
#.(########
.............# #..#
...........@.#####..#
....................#
....................#
.............<......#
............######..#
............# #..#
............# #..#
............# #..#
...........# #..#


There were no monsters in sight!

Vanquished Creatures
  A water moccasin (D:5)
  A centaur (D:5)
  An ogre (D:5)
  2 giant frogs
  3 scorpions
  A quasit (D:9)
  A centaur skeleton (D:9)
  3 orc wizards
  5 worker ants
  A hound skeleton (D:5)
  2 adders
  4 orcs
  A ball python (D:1)
  2 bats
  2 hobgoblins
  A giant gecko skeleton (D:8)
  A giant newt (D:3)
  4 goblins
  A kobold (D:9)
  5 rats
42 creatures vanquished.

Notes
Turn   | Place    | Note
--------------------------------------------------------------
     0 | D:1      | saltylemon, the Minotaur Gladiator, began the quest for the Orb.
     0 | D:1      | Reached XP level 1. HP: 18/18 MP: 0/0
   221 | D:3      | Reached skill level 4 in Polearms
   248 | D:3      | Reached XP level 2. HP: 20/25 MP: 1/1
   343 | D:5      | Entered Level 5 of the Dungeon
   376 | D:5      | Reached XP level 3. HP: 30/30 MP: 2/2
   477 | D:5      | Noticed a scorpion
   484 | D:5      | Killed a scorpion
   484 | D:5      | Reached skill level 1 in Armour
   484 | D:5      | Reached XP level 4. HP: 26/38 MP: 3/3
   486 | D:5      | Noticed an ogre
   503 | D:5      | Killed an ogre
   503 | D:5      | Reached skill level 5 in Polearms
   503 | D:5      | Reached XP level 5. HP: 33/45 MP: 4/4
   541 | D:5      | Noticed a centaur
   553 | D:5      | Killed a centaur
   553 | D:5      | Reached XP level 6. HP: 14/51 MP: 5/5
   872 | D:5      | Reached skill level 6 in Polearms
   900 | D:5      | Noticed a scorpion
   943 | D:5      | Reached skill level 5 in Dodging
   953 | D:5      | Killed a scorpion
  1025 | D:5      | Noticed a water moccasin
  1034 | D:5      | Killed a water moccasin
  1034 | D:5      | Reached skill level 1 in Stealth
  1339 | D:6      | Found a bloodstained altar of Trog.
  1340 | D:6      | Found a burning altar of Makhleb.
  1374 | D:6      | Reached XP level 7. HP: 22/58 MP: 6/6
  1585 | D:6      | Became a worshipper of Makhleb the Destroyer
  2538 | D:9      | Gained mutation: You are resistant to hostile enchantments. [potion of beneficial mutation]
  2539 | D:9      | Gained mutation: You expend magic power (3 MP) to strengthen your wands. [potion of mutation]
  2539 | D:9      | Gained mutation: Armour fits poorly on your strangely shaped body. [potion of mutation]
  2539 | D:9      | Gained mutation: You have sharp fingernails. [potion of mutation]
  2545 | D:9      | Reached skill level 1 in Shields
  2877 | D:10     | Entered Level 10 of the Dungeon
  2939 | D:10     | Slain by an unseen horror

Vault maps used:
D:1:      dpeg_arrival_boxes_within_box, minmay_misc_feat_tower
D:2:      roderic_roman_lattice
D:3:      first_bread, gup_sewer_entry_pipe, minmay_misc_feat_doors
D:4:      nicolae_dithmenos_through_a_glass_darkly
D:5:      serial_park_tiny_pond, water_maze_lemuel
D:6:      zin_treasury, grunt_temple_overflow_open, uniq_sigmund
D:7:      temple_hall, lemuel_centaur_altar
D:8:      basic_altar
D:9:      nicolae_overflow_crystal_walls, serial_shops, nicolae_shop_stone,
          blue_anna_alchemist, grunt_ministairs_7
D:10:     serial_shops, kennysheep_little_box

Action                   |  1- 3 |  4- 6 |  7- 9 || total
-------------------------+-------+-------+-------++-------
Melee: Trident           |    28 |    57 |    58 ||   143
Throw: Throwing net      |       |     3 |       ||     3
  Use: Potion            |       |       |     3 ||     3
       Scroll            |       |       |     2 ||     2
 Stab: Held in net/web   |       |     3 |       ||     3
  Eat: Bread ration      |       |     1 |       ||     1
